 Dungeon Crawl Stone Soup version 0.30-a0-782-ge64f9170bb (webtiles) character file.

Game seed: 10340378331725235493

23 Leeroy the Conjurer (level 3, 18/18 HPs)
             Began as a Vine Stalker Reaver on Feb 22, 2023.
             Got out of the dungeon alive.
             The game lasted 00:00:46 (585 turns).

Leeroy the Conjurer (Vine Stalker Reaver)            Turns: 585, Time: 00:00:47

Health: 18/18      AC:  3    Str: 14    XL:     3   Next: 0%
Magic:  7/7        EV: 11    Int: 13    God:
Gold:   67         SH:  0    Dex: 14    Spells: 5/6 levels left

rFire   . . .      SeeInvis .    a - +0 falchion
rCold   . . .      Faith    .    (no shield)
rNeg    . . .      Spirit   +    b - +0 leather armour
rPois   .          Reflect  .    (no helmet)
rElec   .          Harm     .    (no cloak)
rCorr   .          Rampage  .    (no gloves)
Will    .....                    (no boots)
Stlth   +                        (no amulet)
HPRegen 0.23/turn                (no ring)
MPRegen 0.10/turn                (no ring)

@: no status effects
A: fangs 2, magic shield, antimagic bite, no potion heal 2
a: no special abilities


You escaped.
You visited 1 branch of the dungeon, and saw 1 of its levels.

You collected 67 gold pieces.

Inventory:

Hand Weapons
 a - a +0 falchion (weapon)
Missiles
 d - a throwing net
Armour
 b - a +0 leather armour (worn)
Scrolls
 f - 2 scrolls of vulnerability {unknown}
Potions
 c - a potion of mutation {unknown}
 e - a potion of ambrosia {unknown}


   Skills:
 + Level 2.1 Fighting
 + Level 3.1 Long Blades
 + Level 0.4 Armour
 + Level 1.6 Dodging
 + Level 0.3 Stealth
 + Level 2.2 Spellcasting
 + Level 3.1 Conjurations


You had 5 spell levels left.
You knew the following spells:

 Your Spells              Type           Power      Damage    Failure   Level
a - Kiss of Death         Conj/Necr      20%        2d7       17%         1

Your spell library contained the following spells:

 Spells                   Type           Power      Damage    Failure   Level
 Momentum Strike          Conj/Tloc      10%        3d8       26%         2
 Hailstorm                Conj/Ice       5%         3d4       45%         3


Dungeon Overview and Level Annotations

Branches:
Dungeon (1/15)

Altars:


Innate Abilities, Weirdness & Mutations

You have extremely sharp teeth.
When hurt, damage is shared between your health and your magic reserves.
Your bite disrupts and absorbs the magic of your enemies.
Potions cannot restore your health.


Message History

You see here a ball python corpse.
Found a sling.
Found a faded altar of an unknown god.
Found a scale mail.
A bat comes into view.
Casting: Kiss of Death (safe; 17% risk of failure)
Confirm with . or Enter, or press ? or * to list all spells.
Okay, then.
Okay, then.
The bat hits you but does no damage.
You miss the bat. The bat barely misses you.
A goblin comes into view. It is wielding a +0 dagger.
The bat closely misses you.
Found an escape hatch in the floor.
The bat barely misses you.
You barely miss the bat. Your punch misses the bat. Your bite misses the bat.
The bat hits you but does no damage. The bat barely misses you. x2
You slash the bat!
You kill the bat!
The goblin hits you but does no damage.
You hit the goblin.
The goblin is severely wounded.
The goblin hits you with a +0 dagger.
You hit the goblin.
You kill the goblin!
You have reached level 3!
Your experience leads to an increase in your attributes!
Increase (S)trength, (I)ntelligence, or (D)exterity?
You feel agile. x2
Okay, then.
Unknown command.
A bat comes into view.
You enter the shallow water.
Moving in this stuff is going to be slow.
The bat barely misses you. The bat hits you but does no damage.
The bat attacks as you move away! The bat hits you. The bat barely misses you.
There is a staircase leading out of the dungeon here.
Are you sure you want to leave the Dungeon?
This will make you lose the game! The bat hits you but does no damage. x2
You have escaped!

#...###.####### ######.....#...
#.####.... ..........##..#
###..##....#############..####..#
.............................#..#
.....P≈~~~~~~≈P...P~~≈~~~~~P.#..#
.....~≈≈~~~~≈~~...~≈≈~~~~≈~~.#.##
###..~~≈~~~~≈≈~...≈~≈~~~~≈~~...#.
#..P~≈~~~≈~~.....~~~~≈~~≈P.###.
#............b@............###.
#..P~~~~~~~~.....~~~≈~~~~P.#...
#..~≈~~~~~~≈~...~~≈~~~~≈~≈.#+#.
#..≈~≈~~~~≈≈~...~~≈~~~~≈≈~.....
#..P~~~~~~≈~P...P~~≈~~~~~P....#
#.............................#
#.########.######...........###
#. #.......###>.########## #
#..#####.......# #


You could see a bat.

Vanquished Creatures
  3 goblins (D:1)
  5 hobgoblins (D:1)
  4 jackals (D:1)
  3 ball pythons (D:1)
  2 bats (D:1)
  3 frilled lizards (D:1)
  A kobold (D:1)
21 creatures vanquished.

Notes
Turn   | Place    | Note
-------+----------+-------------------------------------------
     0 | D:1      | Leeroy the Vine Stalker Reaver began the quest for the Orb.
     0 | D:1      | Reached XP level 1. HP: 11/11 MP: 4/4
   172 | D:1      | Reached XP level 2. HP: 13/13 MP: 6/6
   496 | D:1      | Found a faded altar of an unknown god.
   567 | D:1      | Reached XP level 3. HP: 17/18 MP: 7/7
   585 | D:$      | Got out of the dungeon alive.

Illustrated notes

Levels and vault maps discovered:
D:1:      giann_bridges, layout_basic, ebering_ecumenical_altar_rust,
          serial_park_tiny_1, hangedman_decor_clover_reticule,
          amcnicky_mini_corridor_feature, st_stairs_11

Skill      XL: |  1  2 |
---------------+-------+-----
Long Blades    | 3 |  3.1
Fighting       | 2 |  2.1
Armour         | |  0.4
Dodging        | |  1.6
Stealth        | |  0.3
Spellcasting   | |  2.2
Conjurations   | |  3.1

Action                     || total
---------------------------++-------
  Melee: Falchion          ||    59
         Bite              ||     4
   Cast: Kiss of Death     ||     2
 Armour: Leather armour    ||    40
  Dodge: Dodged            ||    52

Table legend: (Time is in decaauts)
 A = Elapsed time spent in this place.
 B = Non-inter-level travel time spent in this place.
 C = Inter-level travel time spent in this place.
 D = Time resting spent in this place.
 E = Time spent auto-exploring this place.
 F = Levels seen in this place.
 G = Mean time per level.
                   A        B        C        D        E       F      G
               +--------+--------+--------+--------+--------+-----+--------+
         Total |    593 |    581 |     12 |      0 |    455 |   1 |  593.0 |
       Dungeon |    593 |    581 |     12 |      0 |    455 |   1 |  593.0 |
               +--------+--------+--------+--------+--------+-----+--------+

Top non-repeatable levels by time:
     D:1: 593 daAuts
